 Dungeon Crawl Stone Soup version 0.31-a0-161-gb58dd9be76 (webtiles) character file.

Game seed: 3413205892373999119

172 qw the Shooter (level 5, -8/32 HPs)
             Began as a Gargoyle Hunter on June 12, 2023.
             Mangled by a small abomination (13 damage)
             ... on level 1 of the Abyss.
             The game lasted 00:01:09 (2573 turns).

qw the Shooter (Gargoyle Hunter)                    Turns: 2573, Time: 00:01:09

Health: -8/32      AC: 10    Str: 14    XL:     5   Next: 53%
Magic:  5/5        EV: 11    Int: 10    God:
Gold:   170        SH:  0    Dex: 15    Spells: 4/4 levels left

rFire   . . .        Y - +0 shortbow
rCold   . . .        (shield currently unavailable)
rNeg    + . .        d - +0 ring mail
rPois   inf          b - +0 helmet
rElec   +            (no cloak)
rCorr   .            (no gloves)
SInv    .            (no boots)
Will    .....        (no amulet)
Stlth   +            (no ring)
HPRegen 0.25/turn    (no ring)
MPRegen 0.09/turn

%: no passive effects
@: about to teleport
A: sickness immunity, AC +4, negative energy resistance 1, electricity
resistance, torment resistance 1, petrification resistance
a: no special abilities


You were on level 1 of the Abyss.
You visited 1 branch of the dungeon, and saw 3 of its levels.
You visited the Abyss 1 time.

You collected 170 gold pieces.


Innate Abilities, Weirdness & Mutations

You are immune to sickness and miasma.
Your stone body is resilient. (AC +4)
You are immune to poison.
You resist negative energy. (rN+)
You are resistant to electric shocks. (rElec)
You are resistant to unholy torment.
You are immune to petrification.


   Skills:
 + Level 3.2 Fighting
 - Level 6.0 Ranged Weapons
 - Level 1.4 Armour
 - Level 1.5 Dodging
 - Level 1.1 Stealth


You had 4 spell levels left.
You didn't know any spells.
Your spell library was empty.

Inventory:

Hand Weapons
 Y - a +0 shortbow (weapon)
Armour
 b - a +0 helmet (worn)
 d - a +0 ring mail (worn)
Scrolls
 e - a scroll of vulnerability {unknown}
 i - a scroll of acquirement {unknown}
 j - a scroll of enchant weapon {unknown}
Potions
 c - a potion of magic {unknown}
 f - 2 potions of might {unknown}
 g - a potion of degeneration {unknown}

Dungeon Overview and Level Annotations

Branches:
Dungeon (3/15)

Altars:
Fedhas

Annotations:
D:2 1 runed translucent door, Crazy Yiuf


Message History

You enter the shallow water.
Moving in this stuff is going to be slow.
Waypoint 3 assigned to Abyss:1.
A small abomination comes into view.
You shoot an arrow.
The arrow barely misses the small abomination.
You shoot an arrow. The arrow hits the small abomination!
The small abomination is moderately damaged.
You shoot an arrow.
The arrow closely misses the small abomination.
A small abomination comes into view.
You shoot an arrow.
The arrow barely misses the small abomination.
You shoot an arrow. The arrow hits the small abomination.
The small abomination is lightly damaged.
The small abomination hits you.
The small abomination closely misses you.
You shoot an arrow.
The arrow hits the small abomination but does no damage.
The small abomination is lightly damaged.
The small abomination hits you!
Ouch! That really hurt!
You shoot an arrow.
The arrow completely misses the small abomination.
The small abomination hits you but does no damage. x2
You shoot an arrow.
The arrow hits the small abomination but does no damage.
The small abomination is moderately damaged.
The small abomination hits you but does no damage.
The small abomination hits you.
2572 ||| READING scroll of teleportation.
As you read the scroll of teleportation, it crumbles to dust.
You feel strangely unstable.
You feel the power of the Abyss delaying your translocation!
The small abomination barely misses you.
You shoot an arrow.
The arrow hits the small abomination but does no damage.
The small abomination is moderately damaged.
The small abomination hits you. The small abomination hits you!
You die...

## ..# # .#
##. . ## ..
#.. #.# # ..
#.####.#..
#.##.#...##¤.
#...x.....¤..
##. ##.##@##
... . #..x#
#..# ###.#...
#. #. .~ ...#
## .#~ .~~..
.#.~ .~~.~#
#. .~ ~7#~~.#
# #.~ ¤#¤~~..


You could see 2 small abominations.

Vanquished Creatures
  Terence (D:2)
  6 adders
  3 worms
  2 dart slugs
  An orc (D:2)
  4 bats
  5 endoplasms
  2 giant cockroaches
  14 goblins
  10 hobgoblins
  7 jackals (D:3)
  5 kobolds
  3 quokkas (D:1)
  5 ball pythons
  3 frilled lizards
  4 rats
75 creatures vanquished.

Notes
Turn   | Place    | Note
-------+----------+-------------------------------------------
     0 | D:1      | qw the Gargoyle Hunter began the quest for the Orb.
     0 | D:1      | Reached XP level 1. HP: 12/12 MP: 1/1
     0 | D:1      | 0 ||| qw: Version: 0.2-a-29-gc1b59c4
     0 | D:1      | 0 ||| qw: Game counter: 4173
     0 | D:1      | 0 ||| qw: Always use a shield: true
     0 | D:1      | 0 ||| qw: God list: Okawaru
     0 | D:1      | 0 ||| qw: Allow faded altars: false
     0 | D:1      | 0 ||| qw: Do Orc after D:15 true
     0 | D:1      | 0 ||| qw: Do second Lair branch before Depths: true
     0 | D:1      | 0 ||| qw: Lair rune preference: random
     0 | D:1      | 0 ||| qw: Plans: Normal, Zot:1-4, Slime:5, God:TSO, Crypt,
                  | Tomb, Abyss, Pan, Hells, Win
     0 | D:1      | 0 ||| PLANNING D:1-11
   276 | D:1      | Reached XP level 2. HP: 17/17 MP: 2/2
   827 | D:1      | Found a faded altar of an unknown god.
   857 | D:1      | 857 ||| UPGRADING to +0 ring mail.
   867 | D:1      | 867 ||| DROPPING +0 leather armour.
   868 | D:1      | 868 ||| READING scroll labelled ZAHACR WYIWK.
   869 | D:1      | 869 ||| READING scroll labelled SUUS ODETENA.
   870 | D:1      | 870 ||| READING scroll labelled LEUCU JOXIGAR.
   871 | D:1      | 871 ||| DROPPING scroll of butterflies.
   910 | D:2      | 910 ||| STAIRDANCE
   914 | D:1      | Reached XP level 3. HP: 17/21 MP: 3/3
   933 | D:1      | Reached skill level 1 in Armour
   959 | D:2      | Reached skill level 5 in Ranged Weapons
  1059 | D:2      | Reached XP level 4. HP: 27/27 MP: 4/4
  1187 | D:2      | Reached skill level 3 in Fighting
  1387 | D:2      | Reached XP level 5. HP: 22/32 MP: 5/5
  1556 | D:2      | Found a runed translucent door.
  1557 | D:2      | Noticed Crazy Yiuf
  1772 | D:2      | 1772 ||| UPGRADING to +0 helmet.
  1777 | D:2      | 1777 ||| READING 2 scrolls labelled UPRAMN IMMUABUDI.
  1829 | D:2      | 1829 ||| READING scroll labelled XAUBLE NUER.
  1850 | D:2      | 1850 ||| DRINKING 2 puce potions.
  1887 | D:3      | Noticed Terence
  1888 | D:3      | 1888 ||| PLANNING SEWER
  1892 | D:3      | 1892 ||| STAIRDANCE
  2038 | D:3      | 2038 ||| STAIRDANCE
  2053 | D:2      | Killed Terence
  2213 | D:3      | Reached skill level 6 in Ranged Weapons
  2231 | D:3      | Found a blossoming altar of Fedhas.
  2469 | Abyss:1  | Cast into level 1 of the Abyss (gnoll)
  2470 | Abyss:1  | Found a corrupted altar of Lugonu.
  2479 | Abyss:1  | Found a corrupted altar of Lugonu.
  2488 | Abyss:1  | Noticed a cane toad
  2492 | Abyss:1  | HP: 4/32 [cane toad (shapeshifter) (14)]
  2493 | Abyss:1  | 2493 ||| READING 2 scrolls of teleportation.
  2494 | Abyss:1  | 2494 ||| DRINKING 2 potions of heal wounds.
  2496 | Abyss:1  | a cane toad changed into a spriggan
  2496 | Abyss:1  | Noticed a spriggan (shapeshifter)
  2499 | Abyss:1  | HP: 7/32 [spriggan (shapeshifter) (10)]
  2500 | Abyss:1  | 2500 ||| DRINKING potion of heal wounds.
  2501 | Abyss:1  | a spriggan changed into a wind drake
  2501 | Abyss:1  | Noticed a wind drake (shapeshifter)
  2502 | Abyss:1  | Found a corrupted altar of Lugonu.
  2566 | Abyss:1  | Noticed a small abomination
  2571 | Abyss:1  | HP: 6/32 [small abomination (4)]
  2572 | Abyss:1  | 2572 ||| READING scroll of teleportation.
  2573 | Abyss:1  | Mangled by a small abomination

Levels and vault maps discovered:
D:1:      scummos_arrival_simple_crosswalls, layout_loops_ring,
          chequers_ecumenical_altar_lobes, grunt_decor_clamped, nrook_campfire
D:2:      cheibrodos_greedy_goblins, layout_loops_ring, uniq_crazy_yiuf_cottage
D:3:      layout_basic, mainiacjoe_overflow_small_starburst,
          gup_sewer_entry_bubbles, chequers_serial_rivers_large_a, minivault_24,
          uniq_terence
Abyss:1:  base:
Sewer

Skill      XL: |  1  2  3  4  5 |
---------------+----------------+-----
Armour         | 1 |  1.4
Ranged Weapons | 5 6 |  6.0
Fighting       | 3 |  3.2
Dodging        | |  1.5
Stealth        | |  1.1

Action                     |  1- 3 |  4- 6 || total
---------------------------+-------+-------++-------
   Fire: Shortbow          |   126 |   177 ||   303
    Use: Scroll            |     3 |     4 ||     7
         Potion            |       |     3 ||     3
 Armour: Leather armour    |     8 |       ||     8
         Ring mail         |    26 |    73 ||    99
  Dodge: Dodged            |    46 |   103 ||   149

Table legend:
 A = Non-vault XP
 B = Vault XP
 C = Vault XP percentage of total XP
 D = Non-vault monster count
 E = Vault monster count
 F = Vault count percentage of total count
                 A         B        C        D         E       F
            +---------+---------+-------+---------+---------+-------
      Total |     187 |      60 |  24.3 |      60 |      15 |  20.0
            +---------+---------+-------+---------+---------+-------
        D:1 |      49 |       0 |   0.0 |      21 |       0 |   0.0
        D:2 |     104 |      60 |  36.6 |      28 |      15 |  34.9
        D:3 |      34 |       0 |   0.0 |      11 |       0 |   0.0
            +---------+---------+-------+---------+---------+-------
